 Dungeon Crawl Stone Soup version 0.27-a0-1497-gf8f22f7954 (webtiles) character file.

Game seed: 13746430414298917684

7 Lekart the Skirmisher (level 1, -1/19 HPs)
             Began as a Draconian Chaos Knight on July 7, 2021.
             Was a Plaything of Xom.
             Slain by a jackal (2 damage)
             ... on level 1 of the Dungeon.
             The game lasted 00:00:08 (24 turns).

Lekart the Skirmisher (Draconian Chaos Knight)        Turns: 24, Time: 00:00:08

Health: -1/19      AC:  4    Str: 14    XL:     1   Next: 83%
Magic:  1/1        EV: 12    Int: 12    God:    Xom [...*..]
Gold:   0          SH:  0    Dex: 10    Spells: 0/0 levels left

rFire    . . .     SeeInvis .   a - +0 falchion (chaos)
rCold    . . .     Faith    .   (no shield)
rNeg     . . .     Spirit   .   (armour unavailable)
rPois    .         Reflect  .   (helmet restricted)
rElec    .         Harm     .   (no cloak)
rCorr    .         Rampage  .   (no gloves)
Will     .....                  (no boots)
Stlth    +.........             (no amulet)
HPRegen  0.06/turn              (no ring)
MPRegen  0.07/turn              (no ring)

@: no status effects
A: AC +4, unfitting armour, cold-blooded
a: Renounce Religion


You were on level 1 of the Dungeon.
You worshipped Xom.
You were a favourite toy of Xom.
You visited 1 branch of the dungeon, and saw 1 of its levels.

Inventory:

Hand Weapons
 a - a +0 falchion of chaos (weapon)


   Skills:
 + Level 3.5 Fighting
 + Level 3.1 Long Blades
 + Level 2.2 Dodging


You couldn't memorise any spells.
You didn't know any spells.
Your spell library was empty.

Dungeon Overview and Level Annotations

Branches:
Dungeon (1/15)

Altars:

Shops:
D:1 !


Innate Abilities, Weirdness & Mutations

Your plain brown scales are hard. (AC +4)
You cannot fit into any form of body armour.
You are cold-blooded and may be slowed by cold attacks.


Message History

Something bites you.
The jackal bites you but does no damage.
There are monsters nearby!
You are too injured to fight recklessly!
There are monsters nearby!
You are too injured to fight recklessly!
There are monsters nearby!
You are too injured to fight recklessly!
The giant cockroach closely misses you. Something completely misses you.
You hit the jackal.
The jackal is severely wounded.
The jackal misses you.
You riposte.
You closely miss the jackal.
The jackal is severely wounded.
Something bites you but does no damage. The giant cockroach closely misses you.
The jackal barely misses you.
You riposte.
You hit the jackal.
The jackal resists with significant effort.
The jackal is almost dead.
You hit the jackal but do no damage.
The jackal is poisoned.
The jackal is almost dead.
You kill the jackal!
Something bites you. The giant cockroach closely misses you.
You riposte.
You hit the giant cockroach but do no damage.
The giant cockroach appears confused.
Something bites you.
Found Noeducvepp's Distillery.
You see here a jackal corpse.
You barely miss the giant cockroach. Something bites you.
* * * LOW HITPOINT WARNING * * *
The giant cockroach barely misses you. Something bites you but does no damage.
Something bites you but does no damage. The giant cockroach closely misses you.
The giant cockroach seems to be having trouble coordinating all six of its legs.
The giant cockroach closely misses something.
Something bites you.
* * * LOW HITPOINT WARNING * * *
You hit the giant cockroach.
You kill the giant cockroach!
Something bites you but does no damage. Something bites you but does no damage.
Something bites you.
You die... "Boring in life, boring in death..."

####### ##.....##
##..[...@##
##(........##
##..........†+#
+....(........##
#...........§†.####
.......<....°.....#
#...........°§§##....
#.............#+ ⌠.⌠
##...........## ∩


There were no monsters in sight!

Vanquished Creatures
  An endoplasm (D:1)
  A giant cockroach (D:1)
  3 jackals (D:1)
5 creatures vanquished.

Notes
Turn   | Place    | Note
-------+----------+-------------------------------------------
     0 | D:1      | Lekart the Draconian Chaos Knight began the quest for the
                  | Orb.
     0 | D:1      | Reached XP level 1. HP: 19/19 MP: 1/1
     7 | D:1      | XOM: silly message
     9 | D:1      | XOM: smoke on damage
    18 | D:1      | Found Noeducvepp's Distillery.
    24 | D:1      | Slain by a jackal

Illustrated notes

Levels and vault maps discovered:
D:1:      lemuel_arrival_rhombus, layout_basic, serial_shops, shop_fountains,
          minmay_misc_feat_four_crosses, minivault_23

Action                   || total
-------------------------++-------
Melee: Falchion          ||    12
       Tailslap          ||     1
Armor: Skin              ||    17
Dodge: Dodged            ||    23
       Rpst.: Falchion   ||     8

Table legend: (Time is in decaauts)
 A = Elapsed time spent in this place.
 B = Non-inter-level travel time spent in this place.
 C = Inter-level travel time spent in this place.
 D = Time resting spent in this place.
 E = Time spent auto-exploring this place.
 F = Levels seen in this place.
 G = Mean time per level.
                   A        B        C        D        E       F      G
               +--------+--------+--------+--------+--------+-----+--------+
         Total |     25 |     25 |      0 |      0 |      1 |   1 |   25.0 |
       Dungeon |     25 |     25 |      0 |      0 |      1 |   1 |   25.0 |
               +--------+--------+--------+--------+--------+-----+--------+

Top non-repeatable levels by time:
     D:1: 25 daAuts
